Map: Dusk Towers

Players

ToothlessJAY - Winner!

  • Race: Protoss Protoss

juhyg

  • Race: Zerg Zerg
  • League: Silver

VOD

Have the link to the VOD?

Description

Time

  • Played on: Feb. 8, 2016, 12:13 a.m.
  • Length: 8:04
Show
View Real Time Build Order
Export as new Build Order

ToothlessJAY Protoss - Winner!

Build Orders: 1 Gate Expand, Oracle Opening 

Get SALT Encoding   

  12  0:01  Probe (Chrono Boost)  
  13  0:12  Probe (Chrono Boost)  
  14  0:19  Pylon  
  14  0:26  Probe (Chrono Boost)  
  15  0:38  Probe (Chrono Boost)  
  15  0:41  Gateway  
  16  0:48  Assimilator, Probe (Chrono Boost)  
  17  1:01  Probe (Chrono Boost)  
  18  1:14  Probe (Chrono Boost)  
  19  1:24  Nexus  
  19  1:35  Cybernetics Core  
  19  1:38  Probe (Chrono Boost)  
  20  1:45  Zealot  
  22  1:59  Assimilator  
  23  2:01  Probe (Chrono Boost)  
  23  2:16  Pylon  
  23  2:34  Adept  
  23  2:35  Probe (Chrono Boost)  
  26  2:40  Forge  
  26  2:46  Mothership Core (Chrono Boost)  
  26  2:47  Warp Gate (Chrono Boost)  
  28  3:01  Adept  
  30  3:08  Stargate  
  30  3:28  Photon Cannon  
  30  3:29  Adept  
  30  3:31  Protoss Shields Level 1  
  30  3:33  Photon Cannon  
  33  3:41  Probe x2 (Chrono Boost)  
  34  3:52  Probe (Chrono Boost)  
  35  3:58  Oracle  
  35  4:02  Zealot  
  40  4:10  Probe  
  40  4:11  Probe  
  42  4:20  Pylon, Probe  
  42  4:23  Probe  
  44  4:30  Assimilator  
  44  4:35  Assimilator  
  35  5:19  Oracle  
  32  5:27  Pylon  
  31  5:33  Probe  
  31  5:40  Pylon  
  31  5:46  Photon Cannon  
  31  5:47  Probe  
  31  5:48  Probe, Photon Cannon  
  33  5:54  Photon Cannon  
  33  5:58  Pylon, Probe  
  33  6:00  Probe  
  35  6:08  Protoss Ground Armor Level 1  
  35  6:10  Zealot  
  37  6:16  Void Ray  
  41  6:40  Gateway  
  41  6:42  Gateway  
  41  6:44  Photon Cannon  
  39  7:43  Adept  
Show
View Real Time Build Order
Export as new Build Order

juhyg Zerg 

Build Orders: Pool First 

Get SALT Encoding   

  12  0:19  Spawning Pool  
  11  0:22  Drone  
  11  0:26  Drone  
  13  0:31  Drone  
  14  0:40  Overlord  
  14  0:49  Overlord  
  14  1:01  Drone, Extractor  
  14  1:08  Drone  
  14  1:10  Queen  
  17  1:25  Drone  
  17  1:27  Drone  
  19  1:39  Drone  
  20  1:48  Drone  
  21  2:07  Overlord  
  21  2:18  Drone, Roach Warren  
  21  2:25  Zergling x2  
  21  2:26  Zergling x6  
  25  2:41  Zergling x2  
  26  2:46  Metabolic Boost  
  26  2:57  Zergling x8  
  30  3:03  Lair  
  30  3:22  Zergling x4  
  32  3:29  Zergling x6  
  35  3:41  Zergling x2  
  36  3:54  Zergling x4  
  38  4:00  Overlord x2  
  38  4:01  Overlord  
  38  4:15  Overlord  
  37  4:22  Zergling x2  
  38  4:28  Zergling x2  
  38  4:29  Zergling x4  
  21  5:32  Zergling x8  
  21  5:33  Zergling x4  
  27  5:49  Hatchery  
  26  5:56  Zergling x4  
  28  6:05  Zergling x2  
  28  6:06  Zergling x2  
  28  6:07  Zergling x2  
  25  6:38  Roach x3  
  25  6:39  Roach x2  
  35  6:49  Roach  
  37  7:03  Roach x2  
  19  7:21  Roach  
  19  7:22  Roach x3  
  24  7:33  Roach x3  
  24  7:34  Roach x3  
  36  7:41  Roach  
Tags
 
Add a new tag
Caveats
  • Supply blocks, unpowered buildings, or Contaminate may cause inaccurate times.
  • Supply counts are checked every 10 seconds.